[Event "*** Titled Tuesday Blitz"]
[Site "Chess.com"]
[Date "2020.10.27"]
[Round "7"]
[White "kidagent"]
[Black "Chamal_Gedgafov"]
[Result "1-0"]
[WhiteElo "2297"]
[BlackElo "2149"]
[TimeControl "180+1"]
[EndTime "11:17:53 PDT"]
[Termination "kidagent won by resignation"]

1. e4 e6 2. d4 d5 3. Nc3 Bb4 4.
e5 c5 5. a3 Bxc3+ 6. bxc3 Ne7 7. Qg4 Qc7 8. Qxg7 Rg8 9. Qxh7 cxd4 10. Ne2 Nbc6 11. h4 Qxe5 12. Bf4 Qf6 13. Bg5 Qe5 14. f4 Qc7 15. Rh3 Bd7 16. cxd4 O-O-O 17. Rc3 Qa5 18. Bxe7 Rde8 19. Bb4 Qb6 20. O-O-O Kb8 21.
Qxf7 Bc8 22. Bd6+ Ka8 23. Rb3 Qd8 24. Be5 Qxh4 25. g3 Qh1 26. g4 Rgf8 27. Qh5 Qg1 28. Nxg1 1-0

[Event "*** Titled Tuesday Blitz"]
[Site "Chess.com"]
[Date "2020.10.27"]
[Round "7"]
[White "MathiasWomacka"]
[Black "albano87"]
[Result "0-1"]
[WhiteElo "2500"]
[BlackElo "2310"]
[TimeControl "180+1"]
[EndTime "11:17:54 PDT"]
[Termination "albano87 won by resignation"]

1. e4 c5 2. Nf3 Nc6 3. d4 cxd4 4. Nxd4 Nf6 5. Nc3 d6 6. Be2 Nxd4 7. Qxd4 g6 8. Be3 Bg7 9. Qd2 O-O 10. O-O Be6 11.
Bh6 Rc8 12. Bxg7 Kxg7 13. f4 Qb6+ 14. Kh1 Qxb2 15. e5 Qxc3 16. exf6+ Kxf6 17. Qd1 Kg7 18. Bd3 Bc4 19. Rb1 Bxd3 20. cxd3 b6 21. f5 Qd4 22.
fxg6 hxg6 23. Qe2 e6 24. Rbc1 Rc3 25. Rxc3 Qxc3 26. Qe4 Qe5 27. Qf3 f5 28. h3 Qd5 29.
Qxd5 exd5 30. Rc1 Kf6 31. d4 Re8 32. Rc6 Re1+ 33. Kh2 Ke6 34. Rc7 a5 35. Rg7 Kf6 36. Rd7 Re6 37. h4 f4 38. Kh3 Kf5 39. Rf7+ Ke4 40.
Kg4 Kxd4 41. Kxf4 Re2 42. g4 Rf2+ 43. Kg5 Rxf7 0-1

[Event "*** Titled Tuesday Blitz"]
[Site "Chess.com"]
[Date "2020.10.27"]
[Round "7"]
[White "TheCavemanChesss"]
[Black "Legendinunknown"]
[Result "0-1"]
[WhiteElo "2518"]
[BlackElo "2659"]
[TimeControl "180+1"]
[EndTime "11:17:55 PDT"]
[Termination "Legendinunknown won on time"]

1. d4 Nf6 2. c4 e5 3. dxe5 Ng4 4.
Bf4 Nc6 5. Nf3 Bb4+ 6. Nc3 Qe7 7. Qd5 Bxc3+ 8. bxc3 f6 9. exf6 Nxf6 10. Qd3 d6 11. g3 O-O 12. Bg2 Bg4 13. O-O Rae8 14. Rae1 Kh8 15. Nd4 Ne5 16. Qe3 c6 17. h3 Bc8 18. c5 dxc5 19. Nb3 Nd5 20. Qxe5 Qxe5 21. Bxe5 Rxe5 22. c4 Nb4 23. a3 Nc2 24. Rc1 Rxe2 25.
a4 b6 26. a5 Nd4 27. Nxd4 cxd4 28. axb6 axb6 29. c5 bxc5 30. Rxc5 d3 31. Rxc6 d2 32. Rd6 h6 0-1

[Event "*** Titled Tuesday Blitz"]
[Site "Chess.com"]
[Date "2020.10.27"]
[Round "7"]
[White "barbara25"]
[Black "guillembaches"]
[Result "1-0"]
[WhiteElo "2276"]
[BlackElo "2385"]
[TimeControl "180+1"]
[EndTime "11:17:55 PDT"]
[Termination "barbara25 won on time"]

1. e4 c5 2. Nf3 d6 3. d4 cxd4 4.
Nxd4 Nf6 5. Nc3 Nc6 6. f3 e5 7.
Nb3 Be7 8. Be3 O-O 9. Qd2 a5 10. a4 Be6 11. Bb5 Na7 12. O-O Nxb5 13. Nxb5 d5 14.
exd5 Nxd5 15. Bf2 Bg5 16. Qe2 Nb4 17. Nc5 Bf5 18. Ne4 Bxe4 19. fxe4 Qd2 20. Qxd2 Bxd2 21. c3 Nd3 22. Rad1 Nxf2 23. Kxf2 Rfd8 24. Ke2 Bg5 25. Rxd8+ Rxd8 26. Rd1 Rxd1 27. Kxd1 Be7 28. b3 g6 29. Ke2 f5 30. Kd3 Kf7 31. Nc7 Bc5 32.
Nd5 Ke6 33. b4 axb4 34. cxb4 Bg1 35. h3 h5 36. a5 g5 37. b5 g4 38. Nc7+ Kd7 39.
Nd5 Ke6 40. a6 bxa6 41. bxa6 h4 42. Ne3 1-0

[Event "*** Titled Tuesday Blitz"]
[Site "Chess.com"]
[Date "2020.10.27"]
[Round "7"]
[White "tylityli"]
[Black "anon481216"]
[Result "0-1"]
[WhiteElo "2232"]
[BlackElo "2412"]
[TimeControl "180+1"]
[EndTime "11:17:57 PDT"]
[Termination "anon481216 won on time"]

1. d4 d5 2. c4 e6 3. Nf3 Nf6 4. g3 dxc4 5. Bg2 Nc6 6. O-O Rb8 7. a4 a6 8. a5 b5 9. axb6 cxb6 10. Nc3 b5 11. Re1 Be7 12. e4 O-O 13. d5 exd5 14.
exd5 Nb4 15. Rxe7 Qxe7 16. Bf4 Rb6 17. d6 Qd7 18. Qd4 Nc2 19. Qxb6 Nxa1 20. Ne5 Qe6 21.
Nc6 Qe1+ 22. Bf1 Bh3 23. Ne7+ Kh8 0-1

[Event "*** Titled Tuesday Blitz"]
[Site "Chess.com"]
[Date "2020.10.27"]
[Round "7"]
[White "ChessSwole"]
[Black "TurboSteen"]
[Result "0-1"]
[WhiteElo "2373"]
[BlackElo "2047"]
[TimeControl "180+1"]
[EndTime "11:17:57 PDT"]
[Termination "TurboSteen won by checkmate"]

1. Nf3 c5 2. g3 Nc6 3. Bg2 e5 4. d3 d6 5. O-O g6 6. Nbd2 Bg7 7. c3 Nge7 8. a4 O-O 9. e4 f5 10. Ng5 h6 11. Qb3+ d5 12. exd5 Na5 13. Qa2 hxg5 14.
d6+ Kh7 15. dxe7 Qxe7 16. Nc4 Be6 17. b3 Nxc4 18. dxc4 f4 19. Ba3 f3 20. Bh1 g4 21. Rfe1 Rad8 22. a5 Rd3 23. b4 Rfd8 24.
bxc5 Rd2 25. Qb3 Qf7 26. Rad1 Bxc4 27. Qa4 Qd5 28. Rb1 Rxf2 29. Bc1 Re2 30. Be3 Rxe3 31. Rxe3 f2+ 32. Kxf2 Qd2+ 33. Kg1 Qxe3+ 34. Kg2 Rd2# 0-1

[Event "*** Titled Tuesday Blitz"]
[Site "Chess.com"]
[Date "2020.10.27"]
[Round "7"]
[White "Caterpiller35"]
[Black "Meri-Arabidze"]
[Result "0-1"]
[WhiteElo "2465"]
[BlackElo "2669"]
[TimeControl "180+1"]
[EndTime "11:18:00 PDT"]
[Termination "Meri-Arabidze won by resignation"]

1. d4 d5 2. Bf4 Nf6 3. e3 e6 4.
Nd2 Bd6 5. Bg3 c5 6. c3 Nc6 7. Ngf3 O-O 8. Bd3 b6 9. e4 Be7 10. e5 Nh5 11. a3 a5 12. Qe2 h6 13.
Nf1 Bb7 14. Ne3 Qc8 15. Ng4 Ba6 16. O-O Bxd3 17. Qxd3 a4 18. Qe3 Nxg3 19. fxg3 f5 20. exf6 Bxf6 21. Rae1 cxd4 22. cxd4 b5 23. Kh1 b4 24.
axb4 Nxb4 25. Qxe6+ Qxe6 26. Rxe6 Nd3 27. Rb6 Bxd4 28.
Rb5 Bxb2 29. Rxd5 Rfd8 0-1

[Event "*** Titled Tuesday Blitz"]
[Site "Chess.com"]
[Date "2020.10.27"]
[Round "7"]
[White "Chessalary"]
[Black "jacky72"]
[Result "1-0"]
[WhiteElo "2407"]
[BlackElo "2509"]
[TimeControl "180+1"]
[EndTime "11:18:00 PDT"]
[Termination "Chessalary won by checkmate"]

1. e4 c6 2. d4 g6 3. Nd2 Bg7 4. Ngf3 d6 5. Bd3 Nf6 6. c3 O-O 7. Nf1 b5 8. Be3 Bb7 9. Ng3 a6 10. Qd2 Nbd7 11. O-O-O a5 12. h4 b4 13. cxb4 axb4 14. Kb1 Ba6 15. h5 Bxd3+ 16. Qxd3 Qa5 17. Qb3 d5 18. hxg6 hxg6 19. e5 Ng4 20. Ng5 Nb6 21. e6 fxe6 22. Nxe6 Rf7 23. Rh4 Nxf2 24. Bxf2 Rxf2 25.
Rf4 Rxg2 26. Rg4 Bf6 27. Nf5 Rxg4 28. Nh6+ Kh7 29. Nxg4 g5 30. Qd3+ Kg8 31. Qg6+ Kh8 32. Rh1# 1-0

[Event "*** Titled Tuesday Blitz"]
[Site "Chess.com"]
[Date "2020.10.27"]
[Round "7"]
[White "FairChess_on_YouTube"]
[Black "penguingm1"]
[Result "1-0"]
[WhiteElo "2983"]
[BlackElo "2820"]
[TimeControl "180+1"]
[EndTime "11:18:03 PDT"]
[Termination "FairChess_on_YouTube won on time"]

1. d4 d5 2. c4 e6 3. Nc3 Nf6 4. cxd5 exd5 5. Bg5 Be7 6. e3 c6 7.
Bd3 Nbd7 8. Nge2 Nf8 9. Bxf6 Bxf6 10. b4 Ne6 11. O-O O-O 12. Rc1 b5 13. e4 Nxd4 14. Nxd4 Bxd4 15. exd5 Bxc3 16. Rxc3 Qxd5 17. Qc2 h6 18.
Be4 Qd4 19. a3 a5 20. Rd1 Qe5 21. Rc5 Qe7 22. Rxc6 Bb7 23. Bh7+ Kh8 24. Rc7 Qf6 25. Rxb7 axb4 26. axb4 g6 27. Bxg6 fxg6 28. Rxb5 Ra1 29. Rd5 Ra4 30. b5 Rb4 31. Qd2 Rb2 32. Qxh6+ Kg8 33.
R5d2 Rxb5 34. g3 Rf5 35. Rd6 1-0

[Event "*** Titled Tuesday Blitz"]
[Site "Chess.com"]
[Date "2020.10.27"]
[Round "7"]
[White "WhiteKnight2612"]
[Black "GMaka"]
[Result "1-0"]
[WhiteElo "2590"]
[BlackElo "2397"]
[TimeControl "180+1"]
[EndTime "11:18:03 PDT"]
[Termination "WhiteKnight2612 won by resignation"]

1. Nf3 Nf6 2. g3 b6 3. Bg2 Bb7 4. O-O e6 5. d4 c5 6. c4 cxd4 7. Qxd4 Be7 8. b3 Ne4 9. Ne5 Nd6 10. Bb2 Bxg2 11. Kxg2 Nf5 12. Qd2 d6 13. e4 dxe5 14. Qxd8+ Bxd8 15. exf5 exf5 16. Bxe5 O-O 17. Nc3 Nc6 18. Bd6 Re8 19. Nd5 Rc8 20. Rad1 f6 21. h4 Kf7 22. h5 g6 23. hxg6+ hxg6 24. Rh1 Rg8 25. Nf4 Be7 26. Bxe7 Nxe7 27. Rd7 Rg7 28. Nd5 Re8 29. Re1 Kf8 30. Nxf6 Rc8 31. Rh1 a5 32.
Rh8+ Kf7 33. Rxc8 Kxf6 34. Rcc7 1-0

[Event "*** Titled Tuesday Blitz"]
[Site "Chess.com"]
[Date "2020.10.27"]
[Round "7"]
[White "Manukyan_Artak"]
[Black "Vandros57"]
[Result "1-0"]
[WhiteElo "2416"]
[BlackElo "2214"]
[TimeControl "180+1"]
[EndTime "11:18:03 PDT"]
[Termination "Manukyan_Artak won by resignation"]

1. e4 c5 2. Nf3 e6 3. c3 d5 4. e5 Qb6 5. d4 Bd7 6. a3 Bb5 7. c4 Bxc4 8. Bxc4 dxc4 9. Nbd2 Nd7 10. Nxc4 Qc6 11. O-O b5 12. Ne3 Ne7 13. dxc5 Nxc5 14. b4 Na4 15. Bd2 Nd5 16. Rc1 Qb7 17. Nxd5 Qxd5 18. Be3 Qxd1 19. Rfxd1 Be7 20. Nd4 O-O 21. Nxb5 a5 22. Nd6 axb4 23. axb4 Rfb8 24. Bc5 h5 25. f4 g6 26. Ne4 Bxc5+ 27. bxc5 Rb4 28. Nf6+ Kg7 29. g3 h4 30. c6 Rc8 31. c7 h3 32.
Rd8 Nb6 33. Ne8+ Kf8 34. Nd6+ Ke7 35. Nxc8+ Nxc8 36. Rxc8 1-0

[Event "*** Titled Tuesday Blitz"]
[Site "Chess.com"]
[Date "2020.10.27"]
[Round "7"]
[White "SergeyKarjakin"]
[Black "GOGIEFF"]
[Result "0-1"]
[WhiteElo "3001"]
[BlackElo "2907"]
[TimeControl "180+1"]
[EndTime "11:18:04 PDT"]
[Termination "GOGIEFF won on time"]

1. d4 Nf6 2. Bg5 e6 3. Nd2 h6 4. Bh4 d6 5. e4 Nbd7 6. c3 b6 7. Bd3 Bb7 8. f4 Be7 9. Ngf3 Nh5 10. Bxe7 Qxe7 11. g3 e5 12. fxe5 dxe5 13. d5 Nhf6 14. Qe2 O-O 15. c4 c6 16. O-O Nc5 17.
Rac1 a5 18. Bb1 cxd5 19. exd5 e4 20. Nd4 Rfe8 21. Rf4 Rad8 22. Rcf1 Qe5 23. Qe3 Rxd5 24. cxd5 Nxd5 25. Nc4 Nxe3 26. Nxe5 Nxf1 27. Nxf7 Nd2 28. Nd6 Rd8 29. N4b5 Nxb1 30. Nxb7 Nxb7 0-1

[Event "*** Titled Tuesday Blitz"]
[Site "Chess.com"]
[Date "2020.10.27"]
[Round "7"]
[White "Azerichess"]
[Black "GMKrikor"]
[Result "1-0"]
[WhiteElo "2987"]
[BlackElo "2793"]
[TimeControl "180+1"]
[EndTime "11:18:04 PDT"]
[Termination "Azerichess won by resignation"]

1. e4 c5 2. Nc3 e6 3. Nf3 a6 4. g3 d5 5. exd5 exd5 6. d4 Nc6 7. Bg2 Nf6 8. O-O Bg4 9. Qe1+ Be7 10. Ne5 Be6 11. dxc5 Bxc5 12. Nd3 Bd6 13. Bg5 O-O 14. Nxd5 Bxd5 15. Bxd5 Bxg3 16. Bxc6 Bxh2+ 17. Kg2 bxc6 18. f4 Re8 19. Qd1 h6 20. Bxf6 Qxf6 21. Qg4 Re3 22. Kxh2 h5 23. Qg5 Qe6 24. f5 Qe4 25. Rae1 Rxe1 26.
Rxe1 Qf3 27. Rg1 Qe3 1-0

[Event "*** Titled Tuesday Blitz"]
[Site "Chess.com"]
[Date "2020.10.27"]
[Round "7"]
[White "BanjoKazooieN64"]
[Black "Gabrielian_Artur"]
[Result "0-1"]
[WhiteElo "2359"]
[BlackElo "2777"]
[TimeControl "180+1"]
[EndTime "11:18:04 PDT"]
[Termination "Gabrielian_Artur won by resignation"]

1. e4 Nf6 2. Nc3 d6 3. d4 g6 4. Be3 c6 5. Qd2 Nbd7 6. f3 b5 7. O-O-O b4 8. Nce2 a5 9. e5 Nd5 10. Bg5 h6 11. Bh4 Qc7 12. exd6 Qxd6 13. Nh3 Bg7 14.
Bg3 Qe6 15. Nef4 Qe3 16. Qxe3 Nxe3 17. Re1 Nxf1 18. Rhxf1 Bxd4 19. Nd3 Ba6 20. Re4 Bf6 21. Rfe1 Bxd3 22. cxd3 Nc5 23. R4e3 O-O-O 24. Kc2 Rd7 25. Nf2 Rhd8 26. Rd1 Bd4 27. Re2 f5 28. h4 a4 29.
b3 axb3+ 30. axb3 Kb7 31. Be5 Bxf2 32. Rxf2 Nxd3 33. Rxd3 Rxd3 34. Re2 R8d7 35. Bf4 R3d4 36. Bxh6 Rxh4 37. Bg5 Rh5 38. Bxe7 c5 39. Bxc5 Rc7 40. Re5 f4 0-1

[Event "*** Titled Tuesday Blitz"]
[Site "Chess.com"]
[Date "2020.10.27"]
[Round "7"]
[White "saraswathii"]
[Black "Deepweb2020"]
[Result "1-0"]
[WhiteElo "2392"]
[BlackElo "2229"]
[TimeControl "180+1"]
[EndTime "11:18:05 PDT"]
[Termination "saraswathii won by resignation"]

1. e4 e5 2. d3 Nc6 3. Nf3 Nf6 4. g3 d5 5. exd5 Nxd5 6. Bg2 Bg4 7. O-O Qf6 8. Nbd2 O-O-O 9. h3 Bd7 10. Nc4 Bd6 11. Bg5 Qg6 12. Bxd8 Rxd8 13. Re1 f6 14. a3 Qh6 15. h4 Bg4 16. Qd2 Qh5 17. Nh2 Be6 18.
Ne3 Nde7 19. c3 g5 20. hxg5 f5 21. Qe2 Qxg5 22. Nc4 Bc5 23. Nxe5 Bd5 24. d4 Bxg2 25. Kxg2 Bb6 26. Nf7 Qg8 27. Nxd8 Kxd8 28. Qe6 Qg5 29. d5 Na5 30. Nf3 Qg7 31. d6 cxd6 32. Qxd6+ Ke8 33.
Rxe7+ Qxe7 34. Re1 Qxe1 35. Nxe1 1-0

[Event "*** Titled Tuesday Blitz"]
[Site "Chess.com"]
[Date "2020.10.27"]
[Round "7"]
[White "m-garcett"]
[Black "Generalas"]
[Result "1-0"]
[WhiteElo "2082"]
[BlackElo "2324"]
[TimeControl "180+1"]
[EndTime "11:18:05 PDT"]
[Termination "m-garcett won by resignation"]

1. e4 e5 2. Nf3 Nc6 3. Bb5 a6 4. Ba4 Nf6 5. O-O Be7 6. Re1 b5 7. Bb3 O-O 8. c3 d5 9. exd5 Nxd5 10. Nxe5 Nxe5 11. Rxe5 c6 12. d4 Bd6 13. Re2 Qh4 14.
g3 Qh3 15. Nd2 Bg4 16. f3 Bf5 17. Ne4 Bc7 18. Qf1 Qxf1+ 19. Kxf1 Rfe8 20. Kf2 a5 21. a4 b4 22. c4 Nb6 23. d5 cxd5 24. cxd5 Red8 25.
Bg5 Rd7 26. Nc5 Rxd5 27. Bxd5 Nxd5 28. Rd1 Nb6 29. Re7 Rc8 30. Rxc7 1-0

[Event "*** Titled Tuesday Blitz"]
[Site "Chess.com"]
[Date "2020.10.27"]
[Round "7"]
[White "eljanov"]
[Black "MomchilPetkov"]
[Result "1-0"]
[WhiteElo "2866"]
[BlackElo "2638"]
[TimeControl "180+1"]
[EndTime "11:18:07 PDT"]
[Termination "eljanov won by resignation"]

1. e4 g6 2. h4 h5 3. d4 Bg7 4.
Nc3 c6 5. Bc4 b5 6. Bb3 a5 7. a4 b4 8. Nce2 d5 9. Nf3 Nf6 10. e5 Ng4 11. Bf4 Na6 12. c4 bxc3 13. bxc3 Nc7 14. Bc2 Ne6 15. Qd2 Nxf4 16. Nxf4 Bh6 17.
Ng5 Qc7 18. O-O Bg7 19. f3 Nh6 20. e6 Bxe6 21. Nfxe6 fxe6 22. Nxe6 Qd6 23. Rae1 Bf6 24.
Bxg6+ Kd7 25. Nc5+ Kc7 26. Rb1 Rhb8 27. Rxb8 Kxb8 28.
Qb2+ 1-0

[Event "*** Titled Tuesday Blitz"]
[Site "Chess.com"]
[Date "2020.10.27"]
[Round "7"]
[White "Nemsko"]
[Black "Michaelson_11"]
[Result "0-1"]
[WhiteElo "2335"]
[BlackElo "2147"]
[TimeControl "180+1"]
[EndTime "11:18:07 PDT"]
[Termination "Michaelson_11 won by resignation"]

1. e4 c5 2. Nf3 Nc6 3. d4 cxd4 4. Nxd4 g6 5. c4 Nf6 6. Nc3 d6 7. h3 Nxd4 8. Qxd4 Bg7 9. Qd1 O-O 10. Be3 a5 11.
Bd3 a4 12. a3 Qa5 13. O-O Bd7 14. Rc1 Bc6 15. Nd5 Bxd5 16. exd5 Nd7 17. Qc2 Ne5 18. Be2 Rfc8 19. f4 Nxc4 20. Bxc4 b5 21. Qe2 bxc4 22.
Rxc4 Qxd5 23. Rfc1 Rxc4 24. Qxc4 Qxc4 25. Rxc4 Bxb2 26.
Bc1 d5 27. Rc2 Bxc1 28. Rxc1 Rb8 29. Kf2 Rb3 30. Ra1 Kg7 31. Ra2 Kf6 32. g3 Kf5 33. Re2 e6 34. Ra2 Ke4 35. Re2+ Kd4 36. Ra2 Kc3 37.
Kf3 Rb2 38. Ra1 Kb3 0-1

[Event "*** Titled Tuesday Blitz"]
[Site "Chess.com"]
[Date "2020.10.27"]
[Round "7"]
[White "WuinaterJr"]
[Black "GregShahade"]
[Result "1-0"]
[WhiteElo "2528"]
[BlackElo "2636"]
[TimeControl "180+1"]
[EndTime "11:18:08 PDT"]
[Termination "WuinaterJr won by resignation"]

1. d4 Nf6 2. c4 g6 3. Nf3 Bg7 4. g3 d5 5. cxd5 Nxd5 6. Bg2 Nb6 7. O-O Nc6 8. e3 O-O 9. Nc3 Re8 10. a3 Rb8 11. b4 e5 12. d5 e4 13. Nd4 Nxd4 14. exd4 Nxd5 15. Nxe4 Bf5 16. Nc5 Nc3 17.
Qb3 Ne2+ 18. Kh1 Nxd4 19. Qa2 Re2 20. Qd5 Qxd5 21. Bxd5 c6 22. Bg2 Nb5 23. Bf4 Rbe8 24. Rad1 b6 25. Bxc6 Nc3 26. Bxe8 Nxd1 27. Rxd1 bxc5 28.
Bb5 Be4+ 29. Kg1 Ra2 30. Rd8+ Bf8 31. Bh6 Ra1+ 32. Bf1 1-0

[Event "*** Titled Tuesday Blitz"]
[Site "Chess.com"]
[Date "2020.10.27"]
[Round "7"]
[White "KuzubovYuriy"]
[Black "PavelShkapenko"]
[Result "1-0"]
[WhiteElo "2881"]
[BlackElo "2640"]
[TimeControl "180+1"]
[EndTime "11:18:13 PDT"]
[Termination "KuzubovYuriy won by resignation"]

1. c4 Nf6 2. Nf3 e6 3. d4 Bb4+ 4. Bd2 Qe7 5. g3 Nc6 6. Nc3 Bxc3 7. Bxc3 Ne4 8. Rc1 O-O 9. Bg2 d6 10. d5 Nxc3 11. Rxc3 Nb8 12. dxe6 fxe6 13. c5 Nc6 14. O-O d5 15. e4 dxe4 16. Nd4 Nxd4 17. Qxd4 e5 18.
Qxe4 c6 19. Re1 Bf5 20. Qxe5 Qxe5 21. Rxe5 Rad8 22. Bf1 Rd1 23. Kg2 Rd2 24. Bc4+ Kh8 25. Rf3 g6 26. g4 Rd4 27. gxf5 Rxc4 28. fxg6 Rg4+ 29. Rg3 Rxg6 30. Rxg6 hxg6 31. Re7 Rf5 32. Rxb7 a5 33. Ra7 Rxc5 34. b3 Kg8 35. Kg3 Kf8 36.
h4 Kg8 37. f3 Kf8 38. Kf4 Rh5 39. Ke3 Kg8 40. f4 Kf8 41. Ke4 Kg8 42. Ra6 Rc5 43. Kd4 Rd5+ 44. Kc4 Rf5 45. Rxc6 Rxf4+ 46. Kb5 Kf7 47. Rc4 Rf5+ 48. Ka4 Kg7 49. a3 Kh6 50. b4 axb4 51. axb4 Kh5 52. b5 Rf1 53. Ka5 Ra1+ 54. Kb6 1-0

[Event "*** Titled Tuesday Blitz"]
[Site "Chess.com"]
[Date "2020.10.27"]
[Round "7"]
[White "Colombiano07"]
[Black "ShahMatKanal"]
[Result "1-0"]
[WhiteElo "2299"]
[BlackElo "2443"]
[TimeControl "180+1"]
[EndTime "11:18:14 PDT"]
[Termination "Colombiano07 won on time"]

1. e4 c5 2. Nf3 Nc6 3. b4 d6 4.
bxc5 dxc5 5. c3 Nf6 6. d4 cxd4 7. cxd4 Nxe4 8. d5 Qa5+ 9. Nbd2 Nb4 10. a3 Nxd5 11.
Bc4 Nec3 12. Qb3 e6 13. O-O Bc5 14. Bb2 O-O 15. Rac1 Na4 16. Ba1 Bd7 17. Qxb7 Nab6 18. Bxd5 exd5 19. Nb3 Qxa3 20. Nxc5 Bg4 21. Ne5 Bf5 22. Rc3 Qb4 23. Rg3 Bg6 24. Ncd3 Qe4 25. Re1 Qh4 26. Nd7 Rfe8 27. Nxb6 Rxe1+ 28. Nxe1 Re8 29. Nf3 1-0

[Event "*** Titled Tuesday Blitz"]
[Site "Chess.com"]
[Date "2020.10.27"]
[Round "7"]
[White "chesstrainer2042"]
[Black "anon569"]
[Result "1-0"]
[WhiteElo "2405"]
[BlackElo "2252"]
[TimeControl "180+1"]
[EndTime "11:18:14 PDT"]
[Termination "chesstrainer2042 won on time"]

1. d4 Nf6 2. Nf3 e6 3. e3 b6 4. Bd3 c5 5. O-O Bb7 6. c4 Be7 7. Nc3 cxd4 8. exd4 d6 9. d5 e5 10. Nh4 Nbd7 11. Nf5 Bf8 12. f4 g6 13. Ng3 Bg7 14.
Nce4 Nxe4 15. Nxe4 Nc5 16. f5 Nxe4 17. Bxe4 Qc7 18.
b3 Qc5+ 19. Kh1 O-O-O 20. Qe2 Kb8 21. f6 Bf8 22. Be3 Qc7 23. b4 h5 24. a4 Bh6 25.
Rfc1 Bxe3 26. Qxe3 Rc8 27. a5 bxa5 28. bxa5 Qc5 29.
Qb3 Ka8 30. a6 Bxa6 31. Rxa6 Rb8 32. Qa2 Rb7 33. Ra1 1-0

[Event "*** Titled Tuesday Blitz"]
[Site "Chess.com"]
[Date "2020.10.27"]
[Round "7"]
[White "BikingBrian"]
[Black "Sergey85Rodchenkov"]
[Result "0-1"]
[WhiteElo "2269"]
[BlackElo "2449"]
[TimeControl "180+1"]
[EndTime "11:18:16 PDT"]
[Termination "Sergey85Rodchenkov won on time"]

1. d4 Nf6 2. Bg5 c5 3. Nc3 cxd4 4. Qxd4 Nc6 5. Qh4 d5 6. O-O-O e6 7. e4 Be7 8. exd5 exd5 9. Nf3 Be6 10. Nd4 Nxd4 11. Qxd4 O-O 12. Bd3 Qa5 13. Kb1 Rfd8 14. f4 Bc5 15. Qa4 Qxa4 16. Nxa4 Be7 17. f5 Bd7 18. Nc3 Bc6 19. Nb5 d4 20. Rhe1 Kf8 21.
c3 dxc3 22. Nxc3 Bxg2 23. Rd2 Bf3 24. Re3 Bc6 25. Rde2 Bc5 26. Rg3 Re8 27. Bxf6 gxf6 28.
Rxe8+ Rxe8 29. Rh3 Re3 30. Rxe3 Bxe3 31. Ne4 Bd4 32.
Kc2 Ke7 33. b4 b6 34. Kb3 Bd5+ 35. Ka3 h5 36. Ng3 h4 37. Ne2 Be5 38. Ka4 Bxh2 39.
Kb5 Bxa2 0-1

[Event "*** Titled Tuesday Blitz"]
[Site "Chess.com"]
[Date "2020.10.27"]
[Round "7"]
[White "GelmanAlexander"]
[Black "fireheart92"]
[Result "1-0"]
[WhiteElo "2589"]
[BlackElo "2841"]
[TimeControl "180+1"]
[EndTime "11:18:21 PDT"]
[Termination "GelmanAlexander won by resignation"]

1. d4 Nf6 2. Nc3 d5 3. Bf4 e6 4. Nb5 Na6 5. e3 Be7 6. g4 O-O 7. g5 Ne4 8. f3 Nd6 9. h4 c5 10. c3 Nxb5 11. Bxb5 Qb6 12. a4 Nc7 13. Bd3 c4 14.
Bc2 Bd6 15. Bxd6 Qxd6 16. f4 Qb6 17. Rb1 Ne8 18. Nf3 Nd6 19. Ne5 Qc7 20. Qh5 Ne4 21. Qf3 Nd6 22. h5 f5 23. gxf6 gxf6 24. Rg1+ Kh8 25.
Ng6+ hxg6 26. hxg6 Kg7 27. Qh5 Rh8 28. Qh7+ Rxh7 29. gxh7+ Kf7 30. h8=Q Ke7 31. Rg7+ Nf7 32. Rxf7+ Kxf7 33. Qh7+ 1-0

[Event "*** Titled Tuesday Blitz"]
[Site "Chess.com"]
[Date "2020.10.27"]
[Round "7"]
[White "ChronicUnhappiness"]
[Black "mr65"]
[Result "1-0"]
[WhiteElo "2375"]
[BlackElo "2198"]
[TimeControl "180+1"]
[EndTime "11:18:21 PDT"]
[Termination "ChronicUnhappiness won by checkmate"]

1. c4 Nf6 2. Nf3 g6 3. Nc3 Bg7 4. e4 O-O 5. d4 d6 6. Be2 Na6 7.
O-O e5 8. Be3 Ng4 9. Bg5 Qe8 10.
h3 Nf6 11. d5 Nc5 12. Nd2 a5 13.
Qc2 h6 14. Be3 Nfxe4 15. Ndxe4 Nxe4 16. Nxe4 f5 17. Nc3 f4 18. Bd2 f3 19. Bxf3 Rxf3 20.
gxf3 Bxh3 21. Rfe1 Qf7 22. Qd3 Rf8 23. Re4 Bf5 24.
Kf1 g5 25. Ke2 Qh5 26. Rg1 Qh2 27. Rgg4 Bf6 28. Kd1 h5 29. Rg3 Qxf2 30. Be1 Qxb2 31. Qc2 Qb6 32. Bf2 c5 33. Be3 h4 34. Rg2 Bd8 35. Bxg5 Bxg5 36. Rxg5+ Kh7 37. Rxh4# 1-0

[Event "*** Titled Tuesday Blitz"]
[Site "Chess.com"]
[Date "2020.10.27"]
[Round "7"]
[White "Klavdia_Nik"]
[Black "Nathan_Filgueiras"]
[Result "0-1"]
[WhiteElo "2063"]
[BlackElo "2419"]
[TimeControl "180+1"]
[EndTime "11:18:21 PDT"]
[Termination "Nathan_Filgueiras won on time"]

1. Nf3 Nf6 2. c4 b6 3. g3 Bb7 4. Bg2 e6 5. O-O Be7 6. b3 O-O 7. Bb2 c5 8. d4 d6 9. Nc3 cxd4 10. Qxd4 Nc6 11. Qd1 a6 12. Rc1 Qc7 13. Nd5 Qd8 14.
Nxe7+ Qxe7 15. Qd3 Rfd8 16. Ba3 Qc7 17. Rfd1 d5 18.
cxd5 Rxd5 19. Qc2 Rad8 20. Rxd5 Rxd5 21. e4 Rd7 22. Ne5 Qxe5 23. Bb2 Qa5 24. Bc3 Qa3 25. h3 h6 26. Kh2 Qe7 27. Qb2 Ne8 0-1

[Event "*** Titled Tuesday Blitz"]
[Site "Chess.com"]
[Date "2020.10.27"]
[Round "7"]
[White "nrvisakh"]
[Black "Aleksey_Sorokin"]
[Result "1/2-1/2"]
[WhiteElo "2694"]
[BlackElo "2836"]
[TimeControl "180+1"]
[EndTime "11:18:22 PDT"]
[Termination "Game drawn by agreement"]

1. e4 c6 2. d4 d5 3. e5 Bf5 4. h4 h5 5. Bd3 Bxd3 6. Qxd3 e6 7.
Bg5 Be7 8. Nf3 Nh6 9. Nbd2 Nf5 10. Bxe7 Qxe7 11. g3 c5 12. c3 Nc6 13. O-O cxd4 14. cxd4 O-O 15. Rfc1 Rac8 16. Nb3 Qb4 17. Rc3 Nce7 18.
Rac1 Rxc3 19. Qxc3 Qxc3 20. Rxc3 Rc8 21. Rxc8+ Nxc8 22.
Kf1 Kf8 23. Ke2 Ke8 24. Kd3 Nce7 25. a3 Nc6 26. Ne1 b6 27. Nc2 f6 28. exf6 gxf6 29. Ne3 Nd6 30. Nd2 Kf7 31. f3 f5 32. g4 hxg4 33.
fxg4 f4 34. Ng2 e5 35. dxe5 Nxe5+ 36. Ke2 Nxg4 37. Nxf4 d4 38. Nf3 Nf5 39. Kd3 Kf6 40. Nxd4 Nxh4 41. Nc6 Ne5+ 42. Nxe5 Kxe5 43. Ne2 Nf5 44. Nc3 Nd6 45. b3 a6 46. a4 a5 47. Ne2 Kd5 48. Nf4+ Kc5 49. Kc2 Nf5 50.
Nd3+ Kd4 51. Nb2 Nd6 52. Kd2 Ne4+ 53. Kc2 Nc5 54. Nc4 Nxa4 55. Nxa5 bxa5 56. bxa4 Kc4 1/2-1/2

[Event "*** Titled Tuesday Blitz"]
[Site "Chess.com"]
[Date "2020.10.27"]
[Round "7"]
[White "MatyChess1"]
[Black "MartinMatthiesen"]
[Result "1-0"]
[WhiteElo "2546"]
[BlackElo "2413"]
[TimeControl "180+1"]
[EndTime "11:18:22 PDT"]
[Termination "MatyChess1 won by resignation"]

1. e4 e5 2. Nf3 Nc6 3. Bc4 Nf6 4.
d3 Bc5 5. c3 d6 6. Bb3 a6 7. h3 O-O 8. Bg5 h6 9. Bh4 g5 10. Bg3 Nh5 11. Bh2 Nf4 12. Bxf4 gxf4 13. Nbd2 Kh8 14. g3 Qf6 15. Qe2 fxg3 16. fxg3 Rg8 17.
O-O-O Rxg3 18. Rdf1 Be6 19. Nd4 Qg6 20. Nf5 Rg2 21. Qe1 Rg8 22. Nh4 Qh5 23. Nxg2 Rxg2 24. Kb1 Re2 25. Qd1 Be3 26. Bxe6 fxe6 27. Nc4 Bf4 28.
Rf2 b5 29. Qxe2 Qxe2 30. Rxe2 bxc4 31. dxc4 Kg7 32. b4 Ne7 33. a4 Ng8 34. a5 Nf6 35. b5 1-0